AoeStats
← Jesuscrist994

Fortress

510137659Analyzed
2v2 RM · 2d ago on Sep 29, 2026· 24m 51s· 4 players
Game mode
Random Map
Map size
Normal (6 player)
Population
200
Speed
Normal
Resources
Standard
Victory
Conquest
Starting age
Dark Age
Ending age
Imperial Age
RankedLock teamsTeams togetherTeam positionsShared explorationLock speedFull tech treeHidden civsTurbo modeCheats
Victory
Defeat
🇩🇪 Mongols · Germany
1029
+11
🇮🇹 Malians · Italy
933
+14
🇪🇸 Persians · Spain
911
-13
🇪🇸 Sicilians · Spain
897
-12
Jesuscrist994
0:27 Loom
7:24 Feudal Age
9:09 Wheelbarrow
8:23 Horse Collar
8:41 Double-Bit Axe
17:41 Castle Age
16:05 Forging
15:59 Scale Mail Armor
16:34 Fletching
17:38 Scale Barding Armor
19:59 Bow Saw
19:41 Pikeman
20:23 Squires
23:43 Tigui
25:34 Hand Cart
breaker123
7:35 Feudal Age
11:55 Castle Age
10:41 Double-Bit Axe
11:14 Horse Collar
11:58 Gold Mining
13:57 Fletching
14:27 Padded Archer Armor
16:44 Bodkin Arrow
17:45 Leather Archer Armor
20:08 Bow Saw
20:16 Bow Saw
20:05 Loom
20:56 Wheelbarrow
20:43 Bow Saw
23:03 Hand Cart
25:16 Heavy Plow
meisan
7:30 Feudal Age
8:26 Double-Bit Axe
12:43 Castle Age
13:05 Gold Mining
13:05 Stone Mining
14:20 Bow Saw
16:59 Elite Skirmisher
21:14 Fletching
21:53 Bodkin Arrow
22:40 Padded Archer Armor
23:03 Horse Collar
PerroSanxe
8:28 Feudal Age
9:20 Double-Bit Axe
13:19 Castle Age
11:49 Loom
14:56 Bow Saw
16:40 Town Watch
18:51 Wheelbarrow
18:22 Town Patrol
19:24 Gold Mining
20:44 Fletching
22:12 Elite Skirmisher
Connection lost

Rejoining the realm…

Still unreachable

The connection could not be restored.

Session expired

The server has moved on; the page needs a fresh start.